 Dungeon Crawl Stone Soup version 0.32-a0-128-g77eb882913 (webtiles) character file.

Game seed: 15868350505487225025

53 p00ps00p the Trooper (level 3, 0/33 HPs)
             Began as a Hill Orc Fighter on Feb 8, 2024.
             Slain by an orc wizard
             ... wielding a +0 dagger
              (4 damage)
             ... on level 2 of the Dungeon.
             The game lasted 00:01:41 (234 turns).

p00ps00p the Trooper (Hill Orc Fighter)              Turns: 234, Time: 00:01:42

Health: 0/33       AC:  7    Str: 20    XL:     3   Next: 87%
Magic:  3/3        EV:  9    Int:  8    God:
Gold:   27         SH:  4    Dex: 10    Spells: 2/2 levels left

rFire   . . .        a - +0 war axe
rCold   . . .        c - +0 buckler
rNeg    . . .        b - +0 scale mail
rPois   .            (no helmet)
rElec   .            (no cloak)
rCorr   .            (no gloves)
SInv    .            (no boots)
Will    .....        (no amulet) Stlth
                     (no ring)
HPRegen 0.25/turn    (no ring)
MPRegen 0.08/turn

%: no passive effects
@: no status effects
A: no striking features
a: no special abilities


You were on level 2 of the Dungeon.
You visited 1 branch of the dungeon, and saw 2 of its levels.

You collected 27 gold pieces.

Inventory:

Hand Weapons
 a - a +0 war axe (weapon)
Armour
 b - a +0 scale mail (worn)
 c - a +0 buckler (worn)
Scrolls
 e - a scroll of amnesia {unknown}
Potions
 d - a potion of might


   Skills:
 + Level 4.2 Fighting
 + Level 3.5 Axes
 + Level 3.8 Armour
 + Level 3.8 Shields


You had 2 spell levels left.
You didn't know any spells.
Your spell library was empty.

Dungeon Overview and Level Annotations

Branches:
Dungeon (1/15)

Altars:


Message History

The orc priest hits you but does no damage.
The orc wizard moves out of view.
You miss the quokka. You hit the orc priest.
The orc priest shouts, "Beogh is our master!
Accept the truth or die!"
The quokka barely misses you.
The quokka bites you but does no damage.
The orc priest invokes the aid of Beogh against you.
You barely resist.
Unknown command.
You miss the quokka. You slash the orc priest!
The quokka bites you but does no damage.
You block the orc priest's attack. The quokka misses you.
You miss the quokka. You slash the orc priest!
You kill the orc priest!
You block the quokka's attack. The orc wizard barely misses you.
Your Fighting skill increases to level 4!
You have reached level 3!
Your experience leads to an increase in your attributes!
Increase (S)trength, (I)ntelligence, or (D)exterity?
You feel stronger. x2
You hit the quokka but do no damage. You hit the orc wizard.
The quokka bites you.
The orc wizard hits you but does no damage.
You block the quokka's attack.
You closely miss the quokka. You closely miss the orc wizard.
The quokka bites you but does no damage.
The orc wizard hits you but does no damage.
The quokka bites you.
The orc wizard points at you and mumbles some strange words.
You resist with significant effort.
You hit the quokka but do no damage. You barely miss the orc wizard.
The quokka closely misses you.
The orc wizard points at you and mumbles some strange words.
The magic dart hits you!
* * * LOW HITPOINT WARNING * * *
You hit the quokka.
You kill the quokka!
You barely miss the orc wizard.
The orc wizard hits you with a +0 dagger.
You die...

# .### ### #~#~≈
#≈##~~.~. #.#.~.♣.~
#~.♣.≈~≈~
##.############.≈.~~~.~
#$.....@....#..~.~.♣#≈~
##.###o####...#~~~♣.~~.
#.. #.###.~~...~. #...
#.###.♣~#.≈~# #....
..#.†.~...~♣. ##...
####.######## ##.. #.#
... #.# #.#


You could see an orc wizard.

Vanquished Creatures
  An orc priest (D:2)
  An adder (D:2)
  A ribbon worm (D:2)
  A dart slug (D:1)
  An orc (D:2)
  A bat (D:2)
  2 quokkas (D:2)
  2 kobolds
10 creatures vanquished.

Notes
Turn   | Place    | Note
-------+----------+-------------------------------------------
     0 | D:1      | p00ps00p the Hill Orc Fighter began the quest for the Orb.
     0 | D:1      | Reached XP level 1. HP: 19/19 MP: 1/1
    52 | D:1      | You fall into a shaft and drop 1 floor!
   124 | D:2      | Reached XP level 2. HP: 22/27 MP: 2/2
   231 | D:2      | Reached skill level 4 in Fighting
   231 | D:2      | Reached XP level 3. HP: 11/33 MP: 3/3
   234 | D:2      | Slain by an orc wizard

Illustrated notes

Levels and vault maps discovered:
D:1:      amcnicky_arrival_double_pillar, layout_basic, serial_shops,
          nicolae_shop_gibbet_a_chance, chequers_serial_rivers_micro_c,
          minmay_misc_feat_four_crosses, kennysheep_doodads,
          minmay_strange_pillars
D:2:      layout_loops_ring, basic_altar, chequers_serial_rivers_marsh

Skill      XL: |  1  2 |
---------------+-------+-----
Axes           | 3 |  3.5
Fighting       | 4 |  4.2
Armour         | |  3.8
Shields        | |  3.8

Action                     || total
---------------------------++-------
  Melee: War axe           ||    52
 Armour: Scale mail        ||    40
  Dodge: Dodged            ||    25
  Block: Buckler           ||    14

Table legend: (Time is in decaauts)
 A = Elapsed time spent in this place.
 B = Non-inter-level travel time spent in this place.
 C = Inter-level travel time spent in this place.
 D = Time resting spent in this place.
 E = Time spent auto-exploring this place.
 F = Levels seen in this place.
 G = Mean time per level.
                   A        B        C        D        E       F      G
               +--------+--------+--------+--------+--------+-----+--------+
         Total |    254 |    254 |      0 |      0 |    144 |   2 |  127.0 |
       Dungeon |    254 |    254 |      0 |      0 |    144 |   2 |  127.0 |
               +--------+--------+--------+--------+--------+-----+--------+

Top non-repeatable levels by time:
     D:2: 201 daAuts
     D:1: 53 daAuts
